 Dungeon Crawl Stone Soup version 0.28-a0-8-g6e044cfa68 (webtiles) character file.

Game seed: 819506242710506108

30 Wyvernaa the Shield-Bearer (level 3, 0/20 HPs)
             Began as a Vine Stalker Fighter on July 24, 2021.
             Succumbed to a kobold's poison
             ... on level 1 of the Dungeon.
             The game lasted 00:01:39 (1037 turns).

Wyvernaa the Shield-Bearer (Vine Stalker Fighter)   Turns: 1037, Time: 00:01:39

Health: 0/20       AC:  6    Str: 19    XL:     3   Next: 20%
Magic:  4/4        EV:  7    Int:  8    God:
Gold:   22         SH:  0    Dex: 13    Spells: 2/2 levels left

rFire   . . .      SeeInvis .   a - +0 rapier
rCold   . . .      Faith    .   c - +0 kite shield
rNeg    . . .      Spirit   +   b - +0 scale mail
rPois   .          Reflect  .   (no helmet)
rElec   .          Harm     .   (no cloak)
rCorr   .          Rampage  .   (no gloves)
Will    .....                   (no boots)
Stlth   ..........              (no amulet)
HPRegen 0.06/turn               (no ring)
MPRegen 0.09/turn               (no ring)

@: confused, lethally poisoned (0 -> -16), ambrosia-drunk, flying, hasted, very
quick
A: fangs 2, magic shield, antimagic bite, no potion heal 2, talons 1
a: no special abilities


You were on level 1 of the Dungeon.
You visited 1 branch of the dungeon, and saw 1 of its levels.

You collected 22 gold pieces.

Inventory:

Hand Weapons
 a - a +0 rapier (weapon)
 h - a +0 dagger of protection
Armour
 b - a +0 scale mail (worn)
 c - a +0 kite shield (worn)
Scrolls
 i - a scroll of blinking {unknown}
 l - a scroll of fog {unknown}
Potions
 d - a potion of might
 m - a potion of brilliance {unknown}


   Skills:
 + Level 3.0 Fighting
 + Level 2.1 Short Blades
 * Level 0.2(1.2) Long Blades
 + Level 2.7 Armour
 * Level 3.1 Shields


You had 2 spell levels left.
You didn't know any spells.
Your spell library was empty.

Dungeon Overview and Level Annotations

Branches:
Dungeon (1/15)

Altars:


Innate Abilities, Weirdness & Mutations

You have extremely sharp teeth.
When hurt, damage is shared between your health and your magic reserves.
Your bite disrupts and absorbs the magic of your enemies.
Potions cannot restore your health.
You have sharp toenails.


Message History

The kobold shouts!
Your shield and scale mail prevent you from hitting the ball python.
You block the ball python's attack. The ball python barely misses you.
You barely miss the ball python. You bite the ball python.
You kill the ball python!
You see here a ball python corpse.
The kobold hits you with a +1 dagger of venom.
You are poisoned.
You closely miss the kobold. Your bite misses the kobold.
You feel very sick. You block the kobold's attack.
The kobold hits you but does no damage.
You are lethally poisoned!
You barely miss the kobold. You bite the kobold. You drain its power.
The kobold is heavily wounded.
You feel very sick. The kobold hits you but does no damage.
You are too injured to fight recklessly!
It was a potion of ambrosia.
You are confused.
Your system rejects the healing.
You feel invigorated.
* * * LOW HITPOINT WARNING * * *
You feel very sick. The kobold misses you.
It was a potion of haste.
You feel yourself speed up.
* * * LOW HITPOINT WARNING * * *
You feel very sick. The kobold barely misses you.
It was a potion of mutation.
You feel extremely strange.
Your toenails lengthen and sharpen.
* * * LOW HITPOINT WARNING * * *
You feel sick.
It was a potion of heal wounds.
That seemed strangely inert.
* * * LOW HITPOINT WARNING * * *
You feel sick.
The kobold hits you with a +1 dagger of venom.
You are more poisoned.
It was a potion of flight.
You feel very buoyant.
You fly up into the air.
You die...

#......# #. #......# ##
#......# #......######
#######......#....#
####............#....#
.....................#
####.............÷...###
......K@†......)......†.
##########............##
#............#
............).##
###..########... (....
#... ....... #...
.).....# #... ... #...


You could see a kobold.

Vanquished Creatures
  A dart slug (D:1)
  3 ball pythons (D:1)
  7 endoplasms (D:1)
  2 giant cockroaches (D:1)
  A goblin (D:1)
  3 hobgoblins (D:1)
  2 kobolds (D:1)
  2 quokkas (D:1)
  2 frilled lizards (D:1)
23 creatures vanquished.

Notes
Turn   | Place    | Note
-------+----------+-------------------------------------------
     0 | D:1      | Wyvernaa the Vine Stalker Fighter began the quest for the
                  | Orb.
     0 | D:1      | Reached XP level 1. HP: 11/11 MP: 2/2
   282 | D:1      | Reached XP level 2. HP: 15/16 MP: 3/3
   791 | D:1      | Reached XP level 3. HP: 17/20 MP: 4/4
  1035 | D:1      | Gained mutation: You have sharp toenails. [potion of
                  | mutation]
  1037 | D:1      | Succumbed to a kobold's poison

Illustrated notes

Levels and vault maps discovered:
D:1:      ncdulo_halloftheorcs, layout_basic, minmay_distorted

Skill      XL: |  1  2 |
---------------+-------+-----
Fighting       | 3 |  3.0
Short Blades   | 2 |  2.1
Shields        | 3 |  3.1
Long Blades    | |  0.2
Armour         | |  2.7

Action                   || total
-------------------------++-------
Melee: Rapier            ||    71
       Bite              ||    18
  Use: Potion            ||     5
Armor: Scale mail        ||    28
Dodge: Dodged            ||    18
Block: Kite shield       ||    35

Table legend: (Time is in decaauts)
 A = Elapsed time spent in this place.
 B = Non-inter-level travel time spent in this place.
 C = Inter-level travel time spent in this place.
 D = Time resting spent in this place.
 E = Time spent auto-exploring this place.
 F = Levels seen in this place.
 G = Mean time per level.
                   A        B        C        D        E       F      G
               +--------+--------+--------+--------+--------+-----+--------+
         Total |   1060 |   1060 |      0 |     71 |    744 |   1 | 1060.0 |
       Dungeon |   1060 |   1060 |      0 |     71 |    744 |   1 | 1060.0 |
               +--------+--------+--------+--------+--------+-----+--------+

Top non-repeatable levels by time:
     D:1: 1060 daAuts
